 Dungeon Crawl Stone Soup version 0.20.1-1-g8b1a95d (webtiles) character file.

50 Jorthax the Grave Robber (level 3, -4/28 HPs)
             Began as a Deep Dwarf Necromancer on July 18, 2017.
             Slain by a worm (8 damage)
             ... on level 2 of the Dungeon.
             The game lasted 00:22:53 (1429 turns).

Jorthax the Grave Robber (Deep Dwarf Necromancer)   Turns: 1429, Time: 00:22:53

Health: -4/28      AC:  3    Str: 11    XL:     3   Next: 55%
Magic:  5/5        EV: 13    Int: 16    God:
Gold:   72         SH:  0    Dex: 18    Spells: 4/6 levels left

rFire    . . .     SeeInvis .   e - +1 club
rCold    . . .     Gourm    .   (no shield)
rNeg     . . .     Faith    .   a - +1 robe
rPois    .         Spirit   .   (no helmet)
rElec    .         Reflect  .   h - scarf {repulsion}
rCorr    .         Harm     .   (no gloves)
MR       .....                  (no boots)
Stlth    ++........             q - amulet of magic regeneration
Regen    0.0/turn               o - +5 ring of dexterity
MPRegen  0.2/turn               (no ring)

@: non-regenerating, repel missiles
A: damage resistance, heal wounds, sense surroundings 1, no regeneration
a: Heal Wounds


You were on level 2 of the Dungeon.
You were not hungry.

You visited 1 branch of the dungeon, and saw 2 of its levels.

You collected 72 gold pieces.

Inventory:

Hand Weapons
 c - a +0 club
 e - a +1 club (weapon)
 f - a +0 hunting sling
Missiles
 j - 13 arrows
Armour
 a - a +1 robe (worn)
 h - a scarf of repulsion (worn)
Jewellery
 o - a +5 ring of dexterity (left hand)
 q - an amulet of magic regeneration (around neck)
Scrolls
 m - a scroll of identify
 p - 2 scrolls of enchant armour
Potions
 g - a potion of heal wounds {unknown}
 i - 2 potions of curing {unknown}
 n - 2 potions of magic {unknown}
 r - a potion of brilliance {unknown}
Books
 b - a book of Necromancy

   Spells                             Type                      Level
   a - Pain                           Necromancy                   1
   b - Animate Skeleton               Necromancy                   1
   c - Vampiric Draining              Necromancy                   3
   d - Regeneration                   Charms/Necromancy            3
   e - Animate Dead                   Necromancy                   4
   f - Control Undead                 Necromancy                   4
Comestibles
 d - a royal jelly
 k - a chunk of flesh
 l - a meat ration


   Skills:
 + Level 0.1 Fighting
 + Level 0.6 Maces & Flails
 + Level 2.7 Dodging
 + Level 2.9 Stealth
 + Level 2.0 Spellcasting
 + Level 5.0 Necromancy


You had 4 spell levels left.
You knew the following spells:

 Your Spells              Type           Power        Failure   Level  Hunger
a - Pain                  Necr           ###.         2%          1    #......
b - Animate Skeleton      Necr           N/A          2%          1    #......


Dungeon Overview and Level Annotations

Branches:
Dungeon (2/15)

Altars:
Dithmenos
Gozag


Innate Abilities, Weirdness & Mutations

You are resistant to damage.
You can heal yourself by infusing magical energy.
You passively map a small area around you.
You do not regenerate.


Message History

You swap places.
You swap places.
You swap places.
There is an escape hatch in the floor here.
A worm comes into view.
Found a scroll of identify.
A leopard gecko comes into view.
You swap places.
You swap places.
You barely miss the worm. The worm bites you.
You hit the worm.
The worm is moderately wounded.
You barely miss the worm.
The worm is moderately wounded.
The worm bites you!
* * * LOW HITPOINT WARNING * * *
You hit the worm.
The worm is moderately wounded.
The worm bites you!
You die...

####### #.# #.# ......# #.# #.#
#####.# #.# #.# # #.# #.# ##.##
#.# #.# ##...## #.# #.###.....#
#.# #######.##.......
****#############.......#.......<
,,,,,,,l.......w@Z#######........
*,,,*,,.#...#...#.# #........
,,,,,,,...........# ##.......
*,,,*,,.#?..#...### ##.)...#
,,,,,,,..........* ####...##
*******########### #...>.## *,*
*,***** #.##### *,* *,<,,,* #.#
*,* *****,* #.#


You could see a worm and a friendly rat skeleton.

Vanquished Creatures
  2 adders (D:2)
  An ooze (D:2)
  A worm (D:2)
  3 leopard geckos (D:1)
  3 goblins
  3 hobgoblins
  A ball python (D:2)
  4 bats
  A frilled lizard (D:2)
  A kobold (D:2)
  3 rats (D:1)
23 creatures vanquished.

Vanquished Creatures (collateral kills)
  A worm (D:2)
  4 hobgoblins (D:2)
  A ball python (D:1)
  A bat (D:1)
  A kobold (D:1)
  A rat (D:2)
9 creatures vanquished.

Grand Total: 32 creatures vanquished

Notes
Turn   | Place    | Note
-------+----------+-------------------------------------------
     0 | D:1      | Jorthax the Deep Dwarf Necromancer began the quest for the Orb.
     0 | D:1      | Reached XP level 1. HP: 15/15 MP: 3/3
     4 | D:1      | Learned a level 1 spell: Animate Skeleton
   224 | D:1      | Reached XP level 2. HP: 8/22 MP: 1/4
   657 | D:2      | Found an opulent altar of Gozag.
   868 | D:2      | Reached skill level 5 in Necromancy
   868 | D:2      | Reached XP level 3. HP: 23/28 MP: 5/5
  1163 | D:2      | Found a shadowy altar of Dithmenos.
  1429 | D:2      | Slain by a worm

Skill      XL: |  1  2  3 |
---------------+----------+-----
Necromancy     | 5 |  5.0
Spellcasting   | 2 |  2.0
Fighting       | |  0.1
Maces & Flails | |  0.6
Dodging        | |  2.7
Stealth        | |  2.9

Action                   || total
-------------------------++-------
Melee: Club              ||    77
 Cast: Pain              ||    18
       Animate Skeleton  ||    19
 Abil: Heal Wounds       ||     4
  Use: Scroll            ||     8
 Stab: Distracted        ||     1
  Eat: Bread ration      ||     1
Armor: Robe              ||    31
Dodge: Dodged            ||   134
       Deflected         ||     2
